 Dungeon Crawl Stone Soup version 0.29-a0-789-g7a8fcbc185 (webtiles) character file.

Game seed: 16706539928532161426

100 ytrimaz the Cutter (level 4, -14/33 HPs)
             Began as a Demonspawn Gladiator on July 2, 2022.
             Demolished by an ogre
             ... wielding a +0 giant club
              (16 damage)
             ... on level 3 of the Dungeon.
             The game lasted 00:03:35 (2651 turns).

ytrimaz the Cutter (Demonspawn Gladiator)           Turns: 2651, Time: 00:03:35

Health: -14/33     AC:  4    Str: 18    XL:     4   Next: 46%
Magic:  4/4        EV: 13    Int: 11    God:
Gold:   82         SH:  0    Dex: 17    Spells: 3/3 levels left

rFire   + . .      SeeInvis .   c - +9 rapier of the Magic Mushroom {vamp, rF+ rN+ Str+3 Dex+3}
rCold   . . .      Faith    .   (no shield)
rNeg    + . .      Spirit   .   b - +1 leather armour
rPois   .          Reflect  .   (helmet restricted)
rElec   .          Harm     .   (no cloak)
rCorr   .          Rampage  .   (no gloves)
Will    .....                   (no boots)
Stlth   +.........              (no amulet)
HPRegen 0.11/turn               (no ring)
MPRegen 0.09/turn               (no ring)

@: no status effects
A: antennae 1
a: no special abilities


You were on level 3 of the Dungeon.
You visited 1 branch of the dungeon, and saw 3 of its levels.

You collected 82 gold pieces.

Inventory:

Hand Weapons
 a - a +0 rapier
 c - the +9 rapier of the Magic Mushroom (weapon) {vamp, rF+ rN+ Str+3 Dex+3}
   (You acquired it on level 2 of the Dungeon)

   It occasionally heals its wielder for a portion of the damage dealt when it
   wounds a living foe.
   Str:       It affects your strength (+3).
   Dex:       It affects your dexterity (+3).
   rF:        It protects you from fire.
   rN:        It protects you from negative energy.
Missiles
 d - 3 throwing nets (quivered)
 e - a javelin
Armour
 b - a +1 leather armour (worn)
Scrolls
 g - a scroll of fog
 i - a scroll of silence
 k - a scroll of teleportation
Potions
 h - a potion of might {unknown}
 j - 2 potions of curing
 l - 2 potions of mutation {unknown}


   Skills:
 - Level 2.0 Fighting
 + Level 4.1 Short Blades
 - Level 1.7 Throwing
 + Level 3.6 Dodging


You had 3 spell levels left.
You didn't know any spells.
Your spell library contained the following spells:

 Spells                   Type           Power      Damage    Failure   Level
 Ozocubu's Armour         Ice            0%         N/A       77%         3
 Metabolic Englaciation   Hex/Ice        0%         N/A       100%        5
 Simulacrum               Ice/Necr       0%         N/A       100%        6


Dungeon Overview and Level Annotations

Branches:
Dungeon (3/15)

Altars:

Shops:
D:2 (


Innate Abilities, Weirdness & Mutations

You have a pair of small antennae on your head.


Message History

Terence shouts!
An ogre comes into view. It is wielding a +0 giant club.
Terence shouts, "Get ready for death!"
You see here 2 poisoned darts.
Terence is nearby!
You see here a scroll of identify.
Found a stone staircase leading up.
Terence hits you with a +0 falchion.
You hit Terence but do no damage. Terence barely misses you.
You puncture Terence!
You feel better.
Terence is heavily wounded.
Terence closely misses you.
You puncture Terence!
You kill Terence!
Your Short Blades skill increases to level 4!
Things that are here:
a +0 falchion; a +0 ring mail; the human corpse of Terence
Things that are here:
a +0 falchion; a +0 ring mail; the human corpse of Terence You start resting.
HP restored.
f - a scroll of identify
As you read the scroll of identify, it crumbles to dust.
j - 2 potions of curing
Found an escape hatch in the ceiling.
The ogre shouts!
An ogre is nearby!
An ogre is nearby!
A rat comes into view.
The ogre closely misses you.
You puncture the ogre!
The ogre is moderately wounded.
You hit the ogre.
The ogre is heavily wounded.
The ogre hits you with a +0 giant club!!
Ouch! That really hurt!
* * * LOW HITPOINT WARNING * * *
You barely miss the ogre.
The ogre is heavily wounded.
The ogre hits you with a +0 giant club!
You die...

###.....##........#..
#...# #.##..........
...####.##........##
<....#..##.........#
####...............####
###.....##<......$.....
...(...)..........r...r
..................#.##
.####..###......@...#
## ##.# #...<###O.....#
#.# #.#### ......#
....... ....... .......
#....## ......... ....#
......... ......
......# ....##


You could see an ogre and a rat.

Vanquished Creatures
  Terence (D:3)
  A gnoll (D:1)
  3 adders (D:2)
  A dart slug (D:1)
  3 ball pythons
  2 endoplasms
  A giant cockroach (D:1)
  4 goblins (D:1)
  4 hobgoblins
  2 quokkas
  4 bats
  5 frilled lizards
  4 kobolds
  2 rats
37 creatures vanquished.

Vanquished Creatures (others)
  3 plants (D:1)
3 creatures vanquished.

Grand Total: 40 creatures vanquished

Notes
Turn   | Place    | Note
-------+----------+-------------------------------------------
     0 | D:1      | ytrimaz the Demonspawn Gladiator began the quest for the
                  | Orb.
     0 | D:1      | Reached XP level 1. HP: 16/16 MP: 1/1
     2 | D:1      | Noticed a formicid
     4 | D:1      | Noticed a tengu
     6 | D:1      | Noticed a gargoyle
     8 | D:1      | Noticed a draconian
     8 | D:1      | Noticed an octopode
    10 | D:1      | Noticed a demigod
    12 | D:1      | Noticed a demonspawn
    12 | D:1      | Noticed a vine stalker
    14 | D:1      | Noticed a merfolk
    14 | D:1      | Noticed a ghoul
    16 | D:1      | Noticed a felid
    18 | D:1      | Noticed a dwarf
    18 | D:1      | Noticed a vampire
    20 | D:1      | Noticed a minotaur
    20 | D:1      | Noticed a naga
    22 | D:1      | Noticed a spriggan
    22 | D:1      | Noticed an ogre
    24 | D:1      | Noticed a human
    24 | D:1      | Noticed an elf
    26 | D:1      | Noticed a troll
   151 | D:1      | Reached skill level 3 in Short Blades
   151 | D:1      | Gained mutation: You have a pair of small antennae on your
                  | head. [demonic ancestry]
   151 | D:1      | Reached XP level 2. HP: 13/22 MP: 2/2
   765 | D:1      | Reached XP level 3. HP: 19/27 MP: 3/3
   771 | D:1      | Found a faded altar of an unknown god.
  1856 | D:2      | Found Ismyt's Weapon Emporium.
  2279 | D:2      | Identified a scroll of acquirement
  2279 | D:2      | Acquired the +9 rapier of the Magic Mushroom {vamp, rF+ rN+
                  | Str+3 Dex+3}
  2366 | D:2      | Reached XP level 4. HP: 28/33 MP: 4/4
  2604 | D:3      | Noticed Terence
  2604 | D:3      | Noticed an ogre
  2611 | D:3      | Killed Terence
  2612 | D:3      | Reached skill level 4 in Short Blades
  2651 | D:3      | Demolished by an ogre

Illustrated notes

Levels and vault maps discovered:
D:1:      kb_arrival_jail, layout_basic, dreamdust_ecumenical_altar_grove,
          st_stairs_9, chequers_serial_rivers_small_a,
          minmay_misc_feat_secret_circle
D:2:      layout_loops_cross, serial_shops, shop
D:3:      layout_rooms, gammafunk_temple_overflow_pools, uniq_terence

Skill      XL: |  1  2  3  4 |
---------------+-------------+-----
Short Blades   | 3 4 |  4.1
Dodging        | 3 |  3.6
Fighting       | |  2.0
Throwing       | |  1.7

Action                   |  1- 3 |  4- 6 || total
-------------------------+-------+-------++-------
Melee: Rapier            |   110 |     9 ||   119
       Punch             |     1 |       ||     1
  Use: Scroll            |     8 |     1 ||     9
 Stab: Sleeping          |     1 |     1 ||     2
Armor: Leather armour    |    28 |       ||    28
Dodge: Dodged            |    74 |     3 ||    77

Table legend: (Time is in decaauts)
 A = Elapsed time spent in this place.
 B = Non-inter-level travel time spent in this place.
 C = Inter-level travel time spent in this place.
 D = Time resting spent in this place.
 E = Time spent auto-exploring this place.
 F = Levels seen in this place.
 G = Mean time per level.
                   A        B        C        D        E       F      G
               +--------+--------+--------+--------+--------+-----+--------+
         Total |   2658 |   2520 |    138 |    143 |   1986 |   3 |  886.0 |
       Dungeon |   2658 |   2520 |    138 |    143 |   1986 |   3 |  886.0 |
               +--------+--------+--------+--------+--------+-----+--------+

Top non-repeatable levels by time:
     D:1: 1379 daAuts
     D:2: 1222 daAuts
     D:3: 56 daAuts
